 Dungeon Crawl Stone Soup version 0.13.1-27-ga479965 (console) character file.

108 Jezuz the Charmwright (level 3, -2/15 HPs)
             Began as a Felid Skald on Jan 29, 2014.
             Was an Initiate of Okawaru.
             Slain by a jackal (3 damage)
             ... on Level 4 of the Dungeon.
             The game lasted 00:07:22 (708 turns).

Jezuz the Charmwright (Felid Skald)                  Turns: 708, Time: 00:07:22

HP  -2/15        AC  1     Str  8      XL: 3   Next:  7%
MP   7/8         EV 17     Int 13      God: Okawaru [......]
Gold 77          SH  0     Dex 16      Spells:  3 memorised,  0 levels left
Lives: 0, deaths: 1

Res.Fire  : . . .   See Invis. : +     - Unarmed
Res.Cold  : . . .   Warding    : .   (armour unavailable)
Life Prot.: . . .   Conserve   : .   (shield unavailable)
Res.Poison: .       Res.Corr.  : .   (helmet unavailable)
Res.Elec. : .       Clarity    : .   (cloak unavailable)
Sust.Abil.: . .     Spirit.Shd : .   (gloves unavailable)
Res.Mut.  : .       Stasis     : .   (boots unavailable)
Res.Rott. : .       Flight     : .   (no amulet)
Saprovore : . . .                    (no ring)
                                     (no ring)

@: quick, slightly resistant to hostile enchantments, fairly stealthy
A: paw claws, no armour, no advanced items, fangs 3, see invisible, carnivore 3,
speed 1, slow metabolism 1, AC +1
a: Renounce Religion


You were on level 4 of the Dungeon.
You worshipped Okawaru.
Okawaru was noncommittal.
You were not hungry.

You visited 1 branch of the dungeon, and saw 4 of its levels.

You collected 57 gold pieces.

Inventory:

Comestibles
 d - a meat ration
Scrolls
 a - 2 scrolls of remove curse {unknown}
 e - a scroll of noise {unknown}
 f - a scroll of identify {unknown}
 g - a scroll of curse armour {unknown}
 h - a scroll of enchant weapon I {unknown}
 j - a scroll of amnesia {unknown}
Potions
 c - 2 potions of poison {unknown}
 i - a potion of brilliance {unknown}
Books
 k - a book of Geomancy

   Spells                             Type                      Level
   Sandblast                          Earth                        1
   Stoneskin                          Transmutation/Earth          2
   Passwall                           Transmutation/Earth          3
   Stone Arrow                        Conjuration/Earth            3
   Petrify                            Transmutation/Earth          4
   Lee's Rapid Deconstruction         Earth                        5


   Skills:
 - Level 2.0 Fighting
 - Level 2.1 Dodging
 - Level 3.5 Unarmed Combat
 - Level 2.0 Spellcasting
 - Level 3.6 Charms
 + Level 2.2 Necromancy


You couldn't memorise any spells.
You knew the following spells:

 Your Spells              Type           Power        Failure   Level  Hunger
a - Infusion              Chrm           ##....       8%          1    ##.....
b - Shroud of Golubria    Chrm/Tloc      #.........   21%         2    ###....
c - Regeneration          Chrm/Necr      #.........   28%         3    ####...


Dungeon Overview and Level Annotations

Branches:
Dungeon (4/27)
 Temple: D:4-7

Altars:
Ashenzari
Kikubaaqudgha
Okawaru


Innate Abilities, Weirdness & Mutations

You cannot wear armour.
You are incapable of any advanced item manipulation.
Your paws have sharp claws.
You have razor-sharp teeth.
You have supernaturally acute eyesight.
You are carnivorous and can eat meat at any time.
You cover ground quickly.
You are covered in fur (AC +1).
You have a slow metabolism.


Message History

The kobold hits you with an orcish short sword!
Ouch! That really hurt!
The worker ant moves out of view.
You claw the kobold!
You kill the kobold!
Okawaru accepts your kill.
Things that are here:
an orcish short sword; 2 darts
Casting: Infusion
Confirm with . or Enter, or press ? or * to list all spells.
Space distorts slightly along a thin shroud covering your body.
The jackal misses you. The jackal barely misses you.
All of the chunks of flesh in your inventory have completely rotted away.
You scratch the worker ant.
The worker ant is moderately wounded.
The jackal misses you. The worker ant bites you.
* * * LOW HITPOINT WARNING * * *
Your shroud falls apart!
The jackal bites you.
You die...

... ........... ... ..........
... .......# .. #......# ..
#......# .. #.)....# .. #......#
...# #%.ah..# . ...# #...@..#
....... ...#
#......######........ ...#
#.................... ...#
#....................
...##########.........########...
......................# #...
......................# #...
...>..................########...
.................................


You could see a worker ant and a jackal.

Vanquished Creatures
  An orc wizard (D:4)
  An adder (D:2)
  A giant gecko (D:2)
  An ooze (D:3)
  3 orcs (D:4)
  5 bats
  3 hobgoblins
  4 jackals (D:3)
  2 kobolds
  A giant newt (D:1)
  3 goblins
  5 rats
30 creatures vanquished.

Vanquished Creatures (others)
  A giant cockroach (D:2)
1 creature vanquished.

Grand Total: 31 creatures vanquished

Notes
Turn   | Place    | Note
--------------------------------------------------------------
     0 | D:1      | Jezuz, the Felid Skald, began the quest for the Orb.
     0 | D:1      | Reached XP level 1. HP: 9/9 MP: 4/4
    76 | D:1      | Reached XP level 2. HP: 6/12 MP: 0/6
    80 | D:1      | Learned a level 2 spell: Shroud of Golubria
   258 | D:3      | Found an ancient bone altar of Kikubaaqudgha.
   258 | D:3      | Found a shattered altar of Ashenzari.
   258 | D:3      | Found an iron altar of Okawaru.
   261 | D:3      | Became a worshipper of Warmaster Okawaru
   323 | D:3      | Reached XP level 3. HP: 1/15 MP: 8/8
   337 | D:3      | Learned a level 3 spell: Regeneration
   534 | D:4      | Reached XP level 4. HP: 16/19 MP: 5/11
   610 | D:4      | Noticed an ogre
   630 | D:4      | Slain by an ogre
   631 | D:4      | Reached XP level 3. HP: -1/15 MP: 3/8
   708 | D:4      | Slain by a jackal

Action                   |  1- 3 |  4- 6 || total
-------------------------+-------+-------++-------
Melee: Unarmed           |    83 |     8 ||    91
 Cast: Infusion          |     2 |     1 ||     3
       Shroud of Golubri |     5 |     1 ||     6
       Regeneration      |     4 |       ||     4
  Use: Potion            |     1 |       ||     1
 Stab: Sleeping          |     2 |       ||     2
